 Dungeon Crawl Stone Soup version 0.30.0-5-g1a98f26d00 (webtiles) character file.

Game seed: 3584081983489021948

176296 Strat the Warrior (level 18, -1/104 HPs)
             Began as a Vine Stalker Fire Elementalist on May 8, 2023.
             Was the Champion of Okawaru.
             Slain by a merfolk impaler
             ... wielding a +0 trident
              (11 damage)
             ... on level 4 of the Shoals on May 9, 2023.
             The game lasted 01:34:14 (31510 turns).

Strat the Warrior (Vine Stalker Fire Elementalist) Turns: 31510, Time: 01:34:15

Health: -1/104     AC: 25    Str: 14    XL:     18   Next: 12%
Magic:  0/26       EV: 27    Int: 20    God:    Okawaru [******]
Gold:   1880       SH: 20    Dex: 27    Spells: 16/21 levels left

rFire   + . .        a - +6 quick blade (venom)
rCold   . . .        I - +2 kite shield {AC+3}
rNeg    . . .        D - +0 troll leather armour
rPois   +            X - +2 hat
rElec   +            c - +2 cloak
rCorr   +            U - +2 pair of gloves "Pilemp" {rElec rPois rCorr Int+5}
SInv    .            V - +1 pair of boots
Will    ++...        A - amulet of the acrobat
Stlth   ++++++       d - ring of the Battered Wars {Fly rF+ Dex+7}
HPRegen 1.97/turn    C - +4 ring of protection
MPRegen 0.20/turn

%: acrobat, guardian spirit
@: about to teleport, heroic, finesse-ful, flying, mesmerised
A: fangs 3, regeneration 1, magic shield, antimagic bite, no potion heal 2
a: Renounce Religion, Heroism, Finesse, Duel


You were on level 4 of the Shoals.
You worshipped Okawaru.
Okawaru was exalted by your worship.
You visited 7 branches of the dungeon, and saw 29 of its levels.
You also visited: Bailey and Ice Cave.

You collected 3757 gold pieces.
You spent 1877 gold pieces at shops.

Inventory:

Hand Weapons
 a - a +6 quick blade of venom (weapon)
 b - a +4 rapier of electrocution
Missiles
 t - 20 poisoned darts
 B - 15 javelins (quivered)
 E - 5 throwing nets
 H - 13 curare-tipped darts
 T - 4 silver javelins
 Z - 20 boomerangs
Armour
 c - a +2 cloak (worn)
 D - a +0 troll leather armour (worn)
 I - a +2 kite shield of protection (worn)
 M - the scarf of Okawaru's Inspiration {rC+ rF+, +Inv Int+3}
   (Okawaru gifted it to you on level 1 of the Shoals)

   Int:       It affects your intelligence (+3).
   +Inv:      It lets you turn invisible.
 U - the +2 pair of gloves "Pilemp" (worn) {rElec rPois rCorr Int+5}
   (You bought it in a shop on level 3 of the Shoals)

   Int:       It affects your intelligence (+5).
   rElec:     It insulates you from electricity.
   rPois:     It protects you from poison.
   rCorr:     It protects you from acid and corrosion.
 V - a +1 pair of boots (worn)
 X - a +2 hat (worn)
Jewellery
 d - the ring of the Battered Wars (left hand) {Fly rF+ Dex+7}
   (You acquired it on level 4 of the Lair of Beasts)

   [ring of flight]

   Dex:       It affects your dexterity (+7).
   rF:        It protects you from fire.
   Fly:       It grants you flight.
 l - a +5 ring of evasion
 n - a ring of protection from fire
 r - a ring of protection from cold
 z - a ring of resist corrosion
 A - an amulet of the acrobat (around neck)
 C - a +4 ring of protection (right hand)
 J - a +6 ring of strength
 L - the ring of Jihirah {rElec rN+}
   (You found it on level 5 of the Lair of Beasts)

   [ring of positive energy]

   rElec:     It insulates you from electricity.
   rN:        It protects you from negative energy.
 W - an amulet of regeneration
Wands
 e - a wand of flame (61)
 s - a wand of mindburst (36)
 w - a wand of quicksilver (2)
 N - a wand of polymorph (2)
 S - a wand of roots (10)
Scrolls
 y - 4 scrolls of magic mapping
 F - 4 scrolls of blinking
 K - 6 scrolls of teleportation
 O - 4 scrolls of enchant armour
 Q - a scroll of silence
 R - 5 scrolls of amnesia
 Y - 6 scrolls of identify
Potions
 g - 3 potions of brilliance
 h - 3 potions of mutation
 i - 4 potions of attraction
 j - a potion of cancellation
 k - 15 potions of curing
 o - 5 potions of resistance
 p - 5 potions of ambrosia
 q - 14 potions of heal wounds
 v - 7 potions of flight
 x - a potion of lignification
 G - 4 potions of haste
 P - 4 potions of might
Miscellaneous
 f - a box of beasts
 m - a phantom mirror
 u - a condenser vane (inert)


   Skills:
 + Level 15.1(20.1) Fighting
 - Level 10.0(15.0) Short Blades
 + Level 4.8(9.8) Throwing
 - Level 7.8(12.8) Armour
 + Level 11.0(16.0) Dodging
 - Level 10.0(15.0) Stealth
 - Level 14.4(19.4) Shields
 - Level 2.1 Spellcasting
 - Level 1.0 Conjurations
 - Level 3.0 Fire Magic
 - Level 10.0 Invocations
 + Level 4.7 Evocations


You had 16 spell levels left.
You knew the following spells:

 Your Spells              Type           Power      Damage    Failure   Level
a - Foxfire               Conj/Fire      40%        2x1d6     12%         1
b - Scorch                Fire           28%        2d6       12%         2
c - Blink                 Tloc           4%         N/A       38%         2

Your spell library contained the following spells:

 Spells                   Type           Power      Damage    Failure   Level
 Magic Dart               Conj           24%        1d4       19%         1
 Necrotise                Necr           8%         1d4       26%         1
 Cigotuvi's Dreadful Rot  Necr/Pois/Air  4%         N/A       38%         2
 Ensorcelled Hibernation  Hex/Ice        4%         N/A       38%         2
 Poisonous Vapours        Pois/Air       4%         N/A       38%         2
 Inner Flame              Hex/Fire       8%         N/A       41%         3
 Volatile Blastmotes      Fire/Tloc      16%        2d11      41%         3
 Hailstorm                Conj/Ice       4%         3d4       54%         3
 Mephitic Cloud           Conj/Pois/Air  3%         N/A       56%         3
 Ozocubu's Armour         Ice            2%         N/A       63%         3
 Spider Form              Tmut/Pois      2%         N/A       63%         3
 Vampiric Draining        Necr           2%         2d6       63%         3
 Flame Wave               Conj/Fire      10%        2d6       75%         4
 Fulminant Prism          Conj/Hex       2%         3d5       91%         4
 Iskenderun's Mystic Bla  Conj/Tloc      4%         2d3       91%         4
 Anguish                  Hex/Necr       1%         N/A       95%         4
 Dispel Undead            Necr           2%         3d7       95%         4
 Ice Form                 Ice/Tmut       2%         N/A       95%         4
 Manifold Assault         Tloc           2%         N/A       95%         4
 Passage of Golubria      Tloc           2%         N/A       95%         4
 Agony                    Necr           2%         N/A       100%        5
 Borgnjor's Vile Clutch   Necr/Erth      1%         N/A       100%        5
 Freezing Cloud           Conj/Ice/Air   1%         6-21      100%        5
 Lee's Rapid Deconstruct  Erth           1%         3d4*      100%        5
 Metabolic Englaciation   Hex/Ice        1%         N/A       100%        5
 Silence                  Hex/Air        1%         N/A       100%        5
 Storm Form               Tmut/Air       1%         N/A       100%        7
 Lehudib's Crystal Spear  Conj/Erth      2%         10d2      100%        8
 Call Imp                 Summ           Unusable   N/A       N/A         2
 Animate Dead             Necr           Unusable   N/A       N/A         4
 Death Channel            Necr           Unusable   N/A       N/A         6
 Simulacrum               Ice/Necr       Unusable   N/A       N/A         6

Dungeon Overview and Level Annotations

Branches:
Dungeon (15/15)            Temple (1/1) D:5            Lair (5/5) D:8
 Shoals (4/4) Lair:3       Spider (1/4) Lair:2        Slime (1/5) Lair:4
    Orc (2/2) D:11            Elf (0/3) Orc:2        Vaults (0/5) D:14
 Depths (0/4) D:15         Bailey (visited)           IceCv (visited)

Altars:
Ashenzari
Cheibriados
Dithmenos
Elyvilon
Gozag
Hepliaklqana
Kikubaaqudgha
Makhleb
Nemelex Xobeh
Okawaru
Qazlal
Ru
Sif Muna
Trog
Uskayaw
Vehumet
Wu Jian
Xom
Yredelemnul
Zin
The Shining One
Jiyva
Lugonu

Shops:
D:3 !   D:5 (   D:8 *   D:10 *   Orc:2 (**?!*   Shoals:2 [   Shoals:3 [

Annotations:
D:2 Sigmund
D:5 3 runed translucent doors, hito's ghost, novice MiFi
D:11 3 runed translucent doors, LustLizard's ghost, journeyman GrEE; Valagong's ghost, journeyman MiFi
D:12 2 transporters
D:15 Rupert
Lair:3 Gastronok
Lair:5 3 runed translucent doors, Ribudoz's ghost, journeyman GnFi
Shoals:4 Polyphemus


Innate Abilities, Weirdness & Mutations

You have razor-sharp teeth.
Your natural rate of healing is unusually fast.
When hurt, damage is shared between your health and your magic reserves.
Your bite disrupts and absorbs the magic of your enemies.
Potions cannot restore your health.


Message History

The merfolk siren chants its luring song.
You block the merfolk impaler's attack.
Okay, then.
As you read the scroll of teleportation, it crumbles to dust.
You feel strangely unstable.
You feel very sick.
The merfolk javelineer throws a javelin.
The javelin pierces through you!
* * * LOW HITPOINT WARNING * * *
The merfolk javelineer throws a silver javelin.
The silver javelin barely misses you.
The merfolk javelineer hits you from afar with a +2 heavy spear!
* * * LOW HITPOINT WARNING * * *
The merfolk impaler closely misses you. You block the merfolk impaler's attack.
The merfolk impaler misses you.
Your system rejects the healing.
You feel better.
The merfolk javelineer throws a javelin.
The javelin completely misses you.
The merfolk javelineer throws a silver javelin.
The silver javelin misses you.
The merfolk impaler hits you from afar with a +2 trident of venom!
* * * LOW HITPOINT WARNING * * *
You block the merfolk impaler's attack.
The merfolk siren chants its luring song.
The merfolk javelineer throws a silver javelin.
The silver javelin closely misses you. You block the merfolk impaler's attack.
The dream sheep shake their wool and sparkle.
You feel drowsy...
You fall asleep.
The merfolk javelineer throws a javelin.
The javelin pierces through you.
You wake up.
* * * LOW HITPOINT WARNING * * *
The merfolk impaler hits you but does no damage.
The merfolk javelineer throws a silver javelin.
The silver javelin closely misses you. The merfolk impaler barely misses you.
The merfolk siren chants its luring song.
The merfolk javelineer throws a silver javelin.
The silver javelin pierces through you!
* * * LOW HITPOINT WARNING * * *
x2 The merfolk impaler hits you from afar with a +0 trident!
You die...

#≈≈≈≈≈≈≈≈≈≈≈≈≈≈≈~~~~~~~.....
#≈≈≈≈≈≈≈≈≈≈≈≈≈≈~~..~~~......
#≈≈≈≈≈≈≈≈≈≈≈≈≈≈~~..~~.......
#≈≈≈≈≈≈≈≈≈≈≈≈~~~....~......#
#≈≈≈≈≈≈≈≈≈≈~~~......~......#
#≈≈≈≈≈#####~~............)))
#≈≈≈≈##.Ym##.............).#
#≈≈≈≈#..mm†#...............#
#≈≈≈≈#.HYm)@)...............
#≈≈≈≈#..mm(#...............<
#≈≈≈≈##.~m##................
#≈≈≈≈≈#####.................
#≈≈≈≈≈≈~~~.........~.....~.#
#≈≈≈≈≈≈~~~..........~~~~~~..
#≈≈≈≈≈≈~~~~......~...~~~~...
#≈≈≈≈≈≈~~~~.....~~~..~~~~...
#≈≈≈≈≈≈~~~~....~~~~..~~~~~~.


You could see 2 merfolk impalers, 3 merfolk javelineers, a merfolk, a manticore,
a merfolk siren (mesmerising) and 2 dream sheep.

Vanquished Creatures
  Agnes (D:14)
  Frances (D:14)
  Ilsuiw (Shoals:4)
  Louise (D:15)
  An orc warlord (Orc:1)
  2 blizzard demons (IceCv)
  4 merfolk javelineers (Shoals:4)
  9 merfolk impalers
  Josephine (D:15)
  8 vault guards (D:14)
  Fannar (Orc:1)
  A caustic shrike simulacrum (IceCv)
  4 catoblepae
  4 ogre magi (Orc:2)
  6 hydras
  5 merfolk avatars
  16 two-headed ogres
  Erica (D:10)
  5 centaur warriors
  5 merfolk aquamancers
  4 satyrs
  3 boulder beetles
  7 death yaks (Lair:3)
  An alligator snapping turtle (Shoals:4)
  An orc high priest (Orc:1)
  Urug (Lair:2)
  Sonja (D:11)
  7 skysharks
  4 skeletal warriors
  A goliath frog (Lair:5)
  Amaemon (Lair:2)
  15 sea snakes
  Lodul (D:11)
  A flayed ghost (D:15)
  A bog body (IceCv)
  5 harpies (Shoals:2)
  7 spriggan simulacra (IceCv)
  An obsidian statue (IceCv)
  2 sphinx zombies (D:15)
  2 orc knights
  3 deep elf pyromancers
  A tengu skeleton (D:15)
  4 orc sorcerers
  26 fauns
  A necromancer (D:15)
  A stone giant zombie (D:15)
  9 ugly things
  9 cyclopes
  12 manticores
  7 water nymphs
  15 merfolk sirens
  2 black mambas
  A torpor snail (Lair:3)
  An orange demon (Lair:2)
  2 unseen horrors
  18 cane toads
  3 rime drakes
  6 freezing wraiths
  2 kobold demonologists
  8 komodo dragons
  An anaconda simulacrum (IceCv)
  11 ice devils (IceCv)
  8 trolls
  2 polar bears
  3 meliai (D:15)
  Grinder (D:6)
  33 merfolk
  A hornet (D:9)
  11 wind drakes
  3 tyrant leeches
  8 snapping turtles
  31 blink frogs
  A dream sheep (Shoals:4)
  7 slime creatures
  2 centaur simulacra
  A jumping spider (shapeshifter) (D:14)
  10 water elementals
  2 shadows
  5 wyverns
  39 yaks
  4 basilisks
  7 wraiths
  2 steam dragons (D:8)
  15 vampire mosquitoes
  9 minotaur simulacra (IceCv)
  A hydra simulacrum (IceCv)
  Menkaure (D:7)
  2 wargs (Orc:1)
  8 water moccasins
  A swamp drake (Orc:2)
  A sky beast (D:8)
  3 ice beasts
  23 orc warriors
  An ettin simulacrum (IceCv)
  3 black bears
  2 alligator simulacra (IceCv)
  39 ogres
  5 wolves (Lair:4)
  13 centaurs
  2 phantoms
  2 kobold brigands
  16 bullfrogs
  2 gnoll sergeants
  5 scorpions
  7 deep troll simulacra (IceCv)
  8 wights
  14 killer bees
  2 lindwurm simulacra (IceCv)
  3 electric eels (D:6)
  A crimson imp (Orc:2)
  7 howler monkeys
  Crazy Yiuf (D:6)
  4 hounds
  3 jellies
  9 orc priests
  A gnoll bouda (D:7)
  An iron imp (Orc:2)
  Jessica (D:3)
  7 iguanas
  15 orc wizards
  15 gnolls
  6 adders
  A shadow imp (Orc:2)
  2 white imps
  An ufetubus (D:6)
  2 worms (D:4)
  5 dart slugs
  82 orcs
  3 bats
  8 endoplasms
  3 giant cockroaches
  7 goblins
  13 hobgoblins
  16 jackals
  2 quokkas
  2 ball pythons
  3 frilled lizards
  17 kobolds
  4 rats
897 creatures vanquished.

Vanquished Creatures (others)
  2 sky beasts (D:8)
  4 orcs (Orc:1)
  34 foxfires
40 creatures vanquished.

Grand Total: 937 creatures vanquished

Notes
Turn   | Place    | Note
-------+----------+-------------------------------------------
     0 | D:1      | Strat the Vine Stalker Fire Elementalist began the quest
                  | for the Orb.
     0 | D:1      | Reached XP level 1. HP: 9/9 MP: 4/4
   140 | D:1      | Reached skill level 1 in Fighting
   263 | D:1      | Reached XP level 2. HP: 14/14 MP: 4/6
   286 | D:1      | Learned a level 2 spell: Scorch
   573 | D:1      | Reached skill level 2 in Fighting
   765 | D:2      | Found a faded altar of an unknown god.
   933 | D:2      | Reached XP level 3. HP: 18/18 MP: 7/7
  1249 | D:2      | Noticed Sigmund
  1436 | D:3      | Reached skill level 1 in Short Blades
  1502 | D:3      | Found Pesoina's Distillery.
  1523 | D:3      | Bought a potion of curing for 42 gold pieces
  1742 | D:3      | Gained mutation: Your natural rate of healing is unusually
                  | fast. [Vine Stalker growth]
  1742 | D:3      | Reached XP level 4. HP: 23/23 MP: 8/8
  1928 | D:3      | Noticed Jessica
  1950 | D:3      | Killed Jessica
  2018 | D:3      | Found a shimmering blue altar of Sif Muna.
  2094 | D:4      | Reached XP level 5. HP: 18/26 MP: 5/9
  2508 | D:4      | Noticed an ice beast
  2516 | D:4      | Killed an ice beast
  2517 | D:4      | Reached skill level 5 in Stealth
  2517 | D:4      | Reached XP level 6. HP: 23/30 MP: 0/10
  2794 | D:4      | Found a snail-covered altar of Cheibriados.
  2836 | D:4      | Found a glowing golden altar of the Shining One.
  2908 | D:4      | Reached XP level 7. HP: 35/35 MP: 4/11
  2935 | D:4      | Reached skill level 5 in Short Blades
  3026 | D:5      | Entered Level 5 of the Dungeon
  3026 | D:5      | Found Tymo's Antique Weapon Shop.
  3661 | D:5      | Reached skill level 3 in Fighting
  3883 | D:5      | Found a bloodstained altar of Trog.
  3890 | D:5      | Gained mutation: You have razor-sharp teeth. [Vine Stalker
                  | growth]
  3890 | D:5      | Reached XP level 8. HP: 40/40 MP: 7/12
  4201 | D:5      | Found a staircase to the Ecumenical Temple.
  4207 | Temple   | Entered the Ecumenical Temple
  4259 | Temple   | Became a worshipper of Warmaster Okawaru
  4478 | D:6      | Noticed a wyvern
  4566 | D:5      | Noticed hito's ghost (novice MiFi)
  4567 | D:5      | Found a runed translucent gate.
  4568 | D:5      | Found a runed translucent gate.
  4570 | D:5      | Found a runed translucent gate.
  4745 | D:6      | Noticed Grinder
  4745 | D:6      | Noticed a yak
  4745 | D:6      | Noticed a yak
  4746 | D:6      | Noticed a yak
  4746 | D:6      | Noticed a yak
  4762 | D:6      | Paralysed by Grinder for 3 turns
  5056 | D:6      | Killed a wyvern
  5056 | D:6      | Reached * piety under Okawaru
  5292 | D:6      | Killed Grinder
  5454 | D:6      | Killed a yak
  5455 | D:6      | Reached skill level 5 in Dodging
  5455 | D:6      | Reached XP level 9. HP: 39/44 MP: 11/13
  5522 | D:6      | Reached skill level 4 in Fighting
  5786 | D:6      | Found a runed translucent door.
  5791 | D:6      | Noticed Crazy Yiuf
  5801 | D:6      | Killed Crazy Yiuf
  6041 | D:7      | Found an ornate altar of the Wu Jian Council.
  6077 | D:7      | Reached ** piety under Okawaru
  6359 | D:7      | Reached skill level 5 in Fighting
  6496 | D:7      | Noticed Menkaure
  6507 | D:7      | Killed Menkaure
  7125 | D:7      | Reached XP level 10. HP: 48/51 MP: 14/14
  7220 | D:7      | Reached skill level 10 in Short Blades
  7420 | D:8      | Found Luudyocs's Lightly-Used Armoury.
  7444 | D:8      | Reached *** piety under Okawaru
  7445 | D:8      | Reached skill level 1 in Invocations
  7720 | D:8      | Found a flagged portal.
  7763 | D:8      | Found a shadowy altar of Dithmenos.
  7767 | D:8      | Noticed a kobold demonologist
  7782 | D:8      | Killed a kobold demonologist
  7879 | D:8      | Found a staircase to the Lair.
  7904 | Bailey   | Entered a bailey
  7948 | Bailey   | Noticed an orc knight
  7968 | Bailey   | Killed an orc knight
  8134 | Bailey   | Reached skill level 6 in Fighting
  8471 | D:8      | Reached **** piety under Okawaru
  9030 | D:9      | Reached XP level 11. HP: 58/58 MP: 15/15
  9108 | D:9      | Reached skill level 5 in Invocations
  9115 | D:9      | Reached skill level 7 in Fighting
  9190 | D:9      | Found a basalt altar of Yredelemnul.
  9879 | D:9      | Found an opulent altar of Gozag.
 10050 | D:10     | Entered Level 10 of the Dungeon
 10130 | D:9      | Reached ***** piety under Okawaru
 10130 | D:9      | Received a gift from Okawaru
 10222 | D:10     | Noticed Erica
 10473 | D:10     | Found Niogg's CLEARANCE SALE!.
 10477 | D:10     | Bought a scroll of teleportation for 15 gold pieces
 10668 | D:10     | Identified the +0 flail "Aronic" {protect, SInv}
 10778 | D:10     | Killed Erica
 10779 | D:10     | Reached skill level 8 in Fighting
 11002 | D:10     | Identified the +8 quarterstaff of Dissent {heavy, Fly Str+3
                  | SInv}
 11257 | D:11     | Noticed Sonja
 11315 | D:11     | Noticed a cyclops
 11366 | D:11     | Reached XP level 12. HP: 65/65 MP: 18/18
 11439 | D:11     | Killed Sonja
 11552 | D:11     | Noticed a two-headed ogre
 11571 | D:11     | Killed a two-headed ogre
 11639 | D:11     | Noticed Lodul
 11653 | D:11     | Reached skill level 9 in Fighting
 11662 | D:11     | Received a gift from Okawaru
 11703 | D:11     | Killed Lodul
 11840 | D:11     | Found a runed translucent gate.
 11840 | D:11     | Found a runed translucent gate.
 11841 | D:11     | Found a runed translucent gate.
 11842 | D:11     | Noticed LustLizard's ghost (journeyman GrEE)
 11843 | D:11     | Noticed Valagong's ghost (journeyman MiFi)
 12210 | D:11     | Found a staircase to the Orcish Mines.
 12246 | D:11     | Noticed a two-headed ogre
 12249 | D:11     | Killed a two-headed ogre
 12488 | Lair:1   | Entered Level 1 of the Lair of Beasts
 12607 | Lair:1   | Reached skill level 10 in Fighting
 12689 | Lair:1   | Received a gift from Okawaru
 12812 | Lair:1   | Reached skill level 10 in Dodging
 13043 | Lair:1   | Reached skill level 1 in Armour
 13308 | Lair:2   | Noticed Urug
 13324 | Lair:2   | Reached XP level 13. HP: 53/72 MP: 17/20
 13359 | Lair:2   | Killed Urug
 13460 | Lair:2   | Noticed Amaemon
 13485 | Lair:2   | Killed Amaemon
 13496 | Lair:2   | Reached ****** piety under Okawaru
 13584 | Lair:2   | Found a hole to the Spider Nest.
 13592 | Lair:2   | Received a gift from Okawaru
 14182 | Lair:3   | Reached skill level 10 in Stealth
 14359 | Lair:3   | Noticed Gastronok
 14588 | Lair:3   | Identified the +0 helmet "Sisipt" {+Inv rF- rCorr Str+3}
                  | (Okawaru gifted it to you on level 3 of the Lair of Beasts)
 14588 | Lair:3   | Received a gift from Okawaru
 14827 | Lair:3   | Found a staircase to the Shoals.
 15217 | Lair:4   | Found a viscous altar of Jiyva.
 15217 | Lair:4   | Found a staircase to the Slime Pits.
 15287 | Lair:4   | Reached skill level 11 in Fighting
 15311 | Lair:4   | Identified a scroll of acquirement
 15311 | Lair:4   | Acquired the ring of the Battered Wars {Fly rF+ Dex+7}
 15740 | Lair:4   | Reached XP level 14. HP: 58/79 MP: 22/22
 15853 | Lair:4   | Reached skill level 10 in Invocations
 16058 | Slime:1  | Entered Level 1 of the Pits of Slime
 16093 | Lair:5   | Entered Level 5 of the Lair of Beasts
 16181 | Lair:4   | Reached skill level 1 in Throwing
 16181 | Lair:4   | Reached skill level 1 in Evocations
 16730 | Lair:5   | Reached skill level 12 in Fighting
 16872 | Lair:5   | Identified the ring of Jihirah {rElec rN+}
 16893 | Lair:5   | Received a gift from Okawaru
 16996 | Lair:5   | Noticed Ribudoz's ghost (journeyman GnFi)
 17124 | Lair:5   | Found a runed translucent gate.
 17124 | Lair:5   | Found a runed translucent gate.
 17146 | Lair:5   | Found a runed translucent gate.
 17681 | Orc:1    | Entered Level 1 of the Orcish Mines
 17703 | Orc:1    | Received a gift from Okawaru
 17743 | Orc:1    | HP: 3/80 [orc priest/divine providence (12)]
 17990 | Orc:1    | Identified the scarf of Xymamyth {+Inv, Rampage rF- Dex+7
                  | Stlth-} (Okawaru gifted it to you on level 1 of the Orcish
                  | Mines)
 17990 | Orc:1    | Received a gift from Okawaru
 18069 | Orc:1    | Noticed Fannar
 18093 | Orc:1    | Killed Fannar
 18205 | Orc:1    | Noticed an orc warlord
 18242 | Orc:1    | Killed an orc warlord
 18430 | Orc:2    | Entered Level 2 of the Orcish Mines
 18430 | Orc:2    | Found Cekaqevvi's Distillery.
 18449 | Orc:2    | Paralysed by an orc sorcerer for 5 turns
 18496 | Orc:2    | Found Bikanidwi's Bounteous Boutique.
 18519 | Orc:2    | Bought a scroll of blinking for 105 gold pieces
 18519 | Orc:2    | Bought a +1 pair of boots for 161 gold pieces
 18609 | Orc:2    | Reached skill level 5 in Armour
 18609 | Orc:2    | Found Kiozxur's Magic Scroll Emporium.
 18609 | Orc:2    | Found Ziynk's General Store.
 18712 | Orc:2    | Reached skill level 13 in Fighting
 18758 | Orc:2    | Reached XP level 15. HP: 28/85 MP: 21/23
 18908 | Orc:2    | Received a gift from Okawaru
 19025 | Orc:2    | Found Jupoireu's Weapon Shoppe.
 19025 | Orc:2    | Found Meb Hyto's Assorted Antiques.
 19048 | Orc:2    | Bought a scroll of teleportation for 96 gold pieces
 19051 | Orc:2    | Bought a scroll of enchant weapon for 97 gold pieces
 19051 | Orc:2    | Bought a scroll of teleportation for 39 gold pieces
 19051 | Orc:2    | Bought a scroll of teleportation for 39 gold pieces
 19152 | Orc:2    | Found a staircase to the Elven Halls.
 19563 | D:12     | Found a transporter.
 19982 | D:12     | Found an iron altar of Okawaru.
 20415 | D:12     | Found a corrupted altar of Lugonu.
 20492 | D:12     | Found a transporter.
 20657 | D:13     | Reached skill level 1 in Shields
 20662 | D:13     | Received a gift from Okawaru
 21023 | D:12     | Reached skill level 14 in Fighting
 21330 | D:14     | Noticed Frances
 21337 | D:14     | Killed Frances
 21498 | D:14     | Noticed Agnes
 21550 | D:14     | Killed Agnes
 21621 | D:14     | Reached skill level 5 in Shields
 21636 | D:14     | Found a frozen archway.
 21700 | IceCv    | Entered an ice cave
 22650 | IceCv    | Received a gift from Okawaru
 23861 | IceCv    | Reached XP level 16. HP: 93/93 MP: 24/24
 23975 | IceCv    | Received a gift from Okawaru
 24055 | IceCv    | Identified the +1 quarterstaff of Responsibility {flame,
                  | Will- Int+9 Dex+2 Stlth-}
 24424 | D:14     | Found a gate to the Vaults.
 24848 | D:14     | Found an ornate altar of the Wu Jian Council.
 24912 | D:15     | Entered Level 15 of the Dungeon
 25001 | D:15     | Reached skill level 10 in Shields
 25216 | D:15     | Noticed Louise
 25289 | D:15     | Killed Louise
 25289 | D:15     | Received a gift from Okawaru
 25313 | D:15     | Found a staircase to the Depths.
 25755 | D:15     | Noticed Josephine
 25756 | D:15     | Killed Josephine
 25877 | D:15     | Noticed Rupert
 25880 | D:15     | Paralysed by Rupert for 5 turns
 26563 | Orc:2    | Bought a scroll of brand weapon for 123 gold pieces
 26601 | Orc:2    | Bought a scroll of brand weapon for 133 gold pieces
 26773 | Spider:1 | Entered Level 1 of the Spider Nest
 26837 | Shoals:1 | Entered Level 1 of the Shoals
 27329 | Shoals:1 | Identified the scarf of Okawaru's Inspiration {rC+ rF+,
                  | +Inv Int+3} (Okawaru gifted it to you on level 1 of the
                  | Shoals)
 27329 | Shoals:1 | Received a gift from Okawaru
 27816 | Shoals:2 | Found Ucraagrey's Armour Boutique.
 27821 | Shoals:2 | Bought a +2 kite shield of protection for 344 gold pieces
 27894 | Shoals:2 | Reached XP level 17. HP: 96/97 MP: 25/25
 27970 | Shoals:2 | Learned a level 2 spell: Blink
 28262 | Shoals:2 | You are sucked into a shaft and drop 1 floor!
 28397 | Shoals:3 | Found Syill's Armour Boutique.
 28424 | Shoals:3 | Bought the +2 pair of gloves "Pilemp" {rElec rPois rCorr
                  | Int+5} for 683 gold pieces
 28619 | Shoals:2 | Received a gift from Okawaru
 29908 | Shoals:4 | Entered Level 4 of the Shoals
 30705 | Shoals:4 | Identified the +6 short sword of Circularity {vamp, rCorr
                  | Dex+3 Stlth-} (Okawaru gifted it to you on level 4 of the
                  | Shoals)
 30705 | Shoals:4 | Received a gift from Okawaru
 30950 | Shoals:4 | Noticed Ilsuiw
 31009 | Shoals:4 | Killed Ilsuiw
 31087 | Shoals:4 | Reached skill level 15 in Fighting
 31157 | Shoals:4 | Reached XP level 18. HP: 90/104 MP: 26/26
 31272 | Shoals:4 | Noticed Polyphemus
 31489 | Shoals:4 | Received a gift from Okawaru
 31510 | Shoals:4 | Slain by a merfolk impaler

Illustrated notes

Levels and vault maps discovered:
D:1:      saegor_arrival_simple_e, layout_rooms
D:2:      layout_basic, shapermc_ecumenical_altar_flowoftime,
          corexii_item_surrounded_by_moat, uniq_sigmund
D:3:      layout_basic, tgw_sif, serial_shops, nicolae_shop_window_shopping
D:4:      cheibrodos_barr_body, layout_rooms, marbit_many_paths,
          mainiacjoe_overflow_alcove_4, minmay_goblin_outpost
D:5:      layout_rooms, mainiacjoe_overflow_concentric_impassable,
          minmay_temple_entry_fiery, serial_shops, shop,
          biasface_ghost_orc_armoury
D:6:      wad_lake_hut, layout_loops_corners, lemuel_round_altar,
          uniq_crazy_yiuf_cottage, uniq_grinder
D:7:      layout_gridville, nicolae_overflow_crystal_walls, uniq_menkaure
D:8:      layout_loops_ring, kennysheep_mini, due_lair_maze_entry_diamond,
          enter_bailey_8, minmay_shop_damaged, minmay_tree_intersection,
          hangedman_misty_isle
D:9:      layout_layer_cave, mainiacjoe_overflow_cross_hatched,
          grunt_gozag_statues
D:10:     layout_basic, chequers_avenue, nicolae_shop_clearance, uniq_erica
D:11:     layout_basic, orc_0_dummy, gammafunk_ghost_cemetery,
          minmay_lizard_king, uniq_lodul, uniq_sonja
D:12:     gammafunk_corrupted_shrine, layout_layer_cave, okawaru_trees_1
D:13:     layout_basic
D:14:     layout_loops_cross, erik_vaults_2,
          portal_ice_cave_entry_frozen_things, pdpol_wu_jian_five_deadly_venoms,
          st_stairs_12, uniq_agnes, uniq_frances
D:15:     gammafunk_depths_entry_grave, layout_grid_maze, serial_park_gazebo
          [serial_park_minivault_5x5_2], uniq_rupert, uniq_louise,
          uniq_josephine
Temple:   cyrus_circular_temple
Lair:1:   layout_hall_layers
Lair:2:   layout_chaotic_city, dummy_spider_entry,
          cheibrodos_lair_caveside_slide, st_stairs_5, uniq_urug, uniq_amaemon
Lair:3:   layout_gridlike, minmay_shoals_entry_beasts, grunt_megastairs_2,
          serial_bayou_shore_b, infiniplex_staircase_pool_2, uniq_gastronok
Lair:4:   layout_gridlike, slime_entry_1, chequers_serial_rivers_room_b,
          nicolae_quartered_pool_impasse, serial_bayou_shore_b
Lair:5:   minmay_lair_end_frog_pond, layout_small_grid, gammafunk_ghost_split
Shoals:1: layout_shoals, nicolae_shoals_circle_sea_wall
Shoals:2: layout_shoals, serial_shops, nicolae_shop_hallway_plus
Shoals:3: layout_shoals, serial_shops, nicolae_stop_n_shop_1
Shoals:4: shoals_end_simple, layout_shoals, shoals_ilsuiw_ice, uniq_polyphemus
Spider:1: layout_cave_pods, nicolae_spider_circle_web
Slime:1:  layout_caves, nicolae_slime_barrier
Orc:1:    layout_caves, uniq_fannar
Orc:2:    st_orc_ogre_mass, layout_diamond_mine, serial_shops,
          nicolae_shop_crystal, nicolae_alphabet_shops, hangedman_minor_magic

Skill      XL: |  1  2  3  4  5  6  7  8  9 10 11 12 13 14 15 16 17 18 |
---------------+-------------------------------------------------------+-----
Fighting       | 1 2 3 5 6 8 10 11 13 14 15 | 15.1
Stealth        | 3 4 5 6 10 | 10.0
Short Blades   | 1 2 3 4 5 7 9 10 | 10.0
Dodging        | 2 5 6 8 10 11 | 11.0
Invocations    | 4 7 8 9 10 | 10.0
Armour         | 2 4 5 7 |  7.8
Throwing       | 4 |  4.8
Evocations     | 4 |  4.7
Shields        | 7 12 14 | 14.4
Spellcasting   | |  2.1
Conjurations   | |  1.0
Fire Magic     | |  3.0

Action                     |  1- 3 |  4- 6 |  7- 9 | 10-12 | 13-15 | 16-18 || total
---------------------------+-------+-------+-------+-------+-------+-------++-------
  Melee: Dagger            |    88 |   145 |   114 |       |       |       ||   347
         Bite              |    25 |    38 |    95 |   410 |   890 |   990 ||  2448
         Punch             |     1 |       |     5 |    23 |    40 |       ||    69
         Rapier            |       |       |   178 |   713 |  1707 |   587 ||  3185
         Quick blade       |       |       |       |   345 |   166 |  1288 ||  1799
   Cast: Foxfire           |    18 |     1 |       |       |       |       ||    19
         Scorch            |     5 |    17 |    64 |    32 |       |       ||   118
 Invoke: Heroism           |       |       |       |     5 |    16 |     5 ||    26
         Finesse           |       |       |       |       |       |     1 ||     1
  Evoke: Wand              |       |       |     7 |       |       |     6 ||    13
         Condenser vane    |       |       |       |       |       |     2 ||     2
    Use: Scroll            |     6 |       |    15 |     7 |    10 |    12 ||    50
         Potion            |       |       |     1 |     2 |     4 |     6 ||    13
   Stab: Sleeping          |     5 |     4 |     3 |     8 |    36 |    27 ||    83
         Distracted        |       |       |     2 |       |    11 |     3 ||    16
         Invisible         |       |       |       |       |     3 |       ||     3
         Petrified         |       |       |       |       |     1 |       ||     1
 Armour: Robe              |    23 |    11 |    19 |       |       |       ||    53
         Troll leather arm |       |       |       |   126 |   388 |   288 ||   802
  Dodge: Dodged            |    42 |   111 |   250 |   759 |  1442 |   651 ||  3255
         Repelled          |       |     1 |     1 |     1 |       |       ||     3
  Block: Kite shield       |       |       |       |       |   108 |  1042 ||  1150
